 Dungeon Crawl Stone Soup version 0.30.0-19-g36f170ea60 (webtiles) character file.

Game seed: 4652334878486494507

175 PaiMei the Digger (level 5, -1/31 HPs)
             Began as a Gargoyle Earth Elementalist on May 30, 2023.
             Slain by a gnoll
             ... wielding a +0 flail
              (2 damage)
             ... on level 4 of the Dungeon.
             The game lasted 00:10:58 (2567 turns).

PaiMei the Digger (Gargoyle Earth Elementalist)     Turns: 2567, Time: 00:10:59

Health: -1/31      AC: 10    Str: 12    XL:     5   Next: 55%
Magic:  9/9        EV: 10    Int: 17    God:
Gold:   137        SH:  0    Dex: 10    Spells: 9/10 levels left

rFire   . . .        o - +0 quarterstaff
rCold   . . .        (shield currently unavailable)
rNeg    + . .        g - +0 ring mail
rPois   ∞            (no helmet)
rElec   +            (no cloak)
rCorr   .            (no gloves)
SInv    .            d - +0 pair of boots
Will    .....        (no amulet)
Stlth   +            e - +4 ring of slaying
HPRegen 0.25/turn    (no ring)
MPRegen 0.11/turn

%: no passive effects
@: no status effects
A: sickness immunity, AC +4, negative energy resistance 1, electricity
resistance, torment resistance 1, petrification resistance
a: no special abilities


You were on level 4 of the Dungeon.
You visited 1 branch of the dungeon, and saw 4 of its levels.

You collected 137 gold pieces.

Inventory:

Hand Weapons
 o - a +0 quarterstaff (weapon)
 q - a +0 dagger of flaming
Missiles
 c - 29 stones
 k - 7 boomerangs (quivered)
 p - 8 poisoned darts
Armour
 a - a +0 robe
 d - a +0 pair of boots (worn)
 g - a +0 ring mail (worn)
 l - a +0 leather armour
Jewellery
 e - a +4 ring of slaying (left hand)
 w - a ring of ice
Scrolls
 f - a scroll of immolation {unknown}
 i - a scroll of silence {unknown}
 m - 3 scrolls of identify {unknown}
 n - 2 scrolls of teleportation {unknown}
 r - a scroll of enchant armour {unknown}
 x - a scroll of poison {unknown}
 y - a scroll of vulnerability {unknown}
 A - a scroll of enchant weapon {unknown}
Potions
 b - a potion of magic
 h - a potion of heal wounds
 j - 2 potions of lignification {unknown}
 s - a potion of curing {unknown}
 t - a potion of berserk rage {unknown}
 u - a potion of might {unknown}
 v - a potion of resistance {unknown}
 z - a potion of invisibility {unknown}


   Skills:
 + Level 2.3 Fighting
 + Level 2.4 Armour
 - Level 1.7 Dodging
 - Level 2.3 Stealth
 + Level 3.0 Spellcasting
 - Level 1.0 Transmutations
 + Level 4.7 Earth Magic


You had 9 spell levels left.
You knew the following spells:

 Your Spells              Type           Power      Damage    Failure   Level
a - Sandblast             Erth           36%        2d10      5%          1

Your spell library contained the following spells:

 Spells                   Type           Power      Damage    Failure   Level
 Passwall                 Tmut/Erth      10%        N/A       19%         2
 Slow                     Hex            8%         N/A       36%         1
 Stone Arrow              Conj/Erth      20%        3d8       41%         3
 Petrify                  Tmut/Erth      12%        N/A       75%         4
 Animate Armour           Summ/Erth      20%        N/A       82%         4
 Lehudib's Crystal Spear  Conj/Erth      5%         10d3      100%        8


Dungeon Overview and Level Annotations

Branches:
Dungeon (4/15)
 Temple: D:4-7

Altars:
Sif Muna

Annotations:
D:3 Grinder, Sigmund


Innate Abilities, Weirdness & Mutations

You are immune to sickness and miasma.
Your stone body is resilient. (AC +4)
You are immune to poison.
You resist negative energy. (rN+)
You are resistant to electric shocks. (rElec)
You are resistant to unholy torment.
You are immune to petrification.


Message History

A hobgoblin comes into view.
The hobgoblin barely misses you.
You hit the hobgoblin.
You kill the hobgoblin!
A ball python comes into view.
Found a spear.
You see here a hobgoblin corpse. 2 gnolls come into view.
The gnoll shouts!
You hear a shout!
The gnoll moves out of view.
The ball python hisses angrily.
You thump the ball python!
You kill the ball python!
A gnoll comes into view. It is wielding a +0 flail.
You see here a ball python corpse.
The gnoll shouts! x2
The gnoll hits you with a +0 halberd.
You see here a ball python corpse.
You barely miss the gnoll.
The gnoll falls through a shaft!
The shaft crumbles and collapses.
The gnoll closely misses you.
You hit the gnoll.
The gnoll is moderately wounded.
The gnoll hits you with a +0 halberd!
You hit the gnoll.
The gnoll is severely wounded.
The gnoll hits you with a +0 halberd. x2
You barely miss the gnoll.
The gnoll is severely wounded.
The gnoll closely misses you.
You hit the gnoll but do no damage.
The gnoll is severely wounded.
The gnoll hits you with a +0 halberd. The gnoll closely misses you.
You closely miss the gnoll.
The gnoll is severely wounded.
The gnoll hits you with a +0 halberd!
* * * LOW HITPOINT WARNING * * *
The gnoll hits you with a +0 flail.
* * * LOW HITPOINT WARNING * * *
The gnoll hits you with a +0 flail.
You die...

.#.. ... . .. #.. .. ..#
.. ####. ....##. ~~.P♣♣♣
....#..#~~P..P.
...........♣ ♣
.......gP.♣♣P..
#......@♣.♣P.g
.#......g♣P..
...#.....♣.♣Pg.
...#..b....♣♣ .P
......##....♣♣.♣
........#.†~~P..P..
..##............≈~..♣♣♣P
##.#......#..##.###.....
.............#..##...#.).


You could see 2 gnolls.

Vanquished Creatures
  An orc priest (D:3)
  An orc wizard (D:3)
  A gnoll (D:1)
  3 adders
  4 dart slugs
  3 orcs (D:3)
  6 endoplasms
  5 giant cockroaches
  9 hobgoblins
  6 jackals
  7 ball pythons
  7 bats
  4 frilled lizards
  4 goblins
  7 kobolds
  A rat (D:1)
69 creatures vanquished.

Notes
Turn   | Place    | Note
-------+----------+-------------------------------------------
     0 | D:1      | PaiMei the Gargoyle Earth Elementalist began the quest for
                  | the Orb.
     0 | D:1      | Reached XP level 1. HP: 10/10 MP: 3/3
   228 | D:1      | Reached skill level 1 in Transmutations
   228 | D:1      | Reached XP level 2. HP: 15/15 MP: 5/5
   553 | D:2      | Reached skill level 4 in Earth Magic
   553 | D:2      | Reached XP level 3. HP: 19/20 MP: 6/6
   557 | D:2      | Reached skill level 1 in Armour
   635 | D:2      | Reached skill level 1 in Fighting
   782 | D:2      | Found a faded altar of an unknown god.
   790 | D:2      | Got Plato's Verses on Curses
  1176 | D:2      | Reached XP level 4. HP: 23/25 MP: 7/7
  1909 | D:3      | Noticed Grinder
  1909 | D:3      | Paralysed by Grinder for 5 turns
  1974 | D:3      | Found a shimmering blue altar of Sif Muna.
  2107 | D:3      | Noticed Sigmund
  2304 | D:3      | Reached XP level 5. HP: 29/30 MP: 9/9
  2567 | D:4      | HP: 1/31 [gnoll/+0 flail (2)]
  2567 | D:4      | Slain by a gnoll

Illustrated notes

Levels and vault maps discovered:
D:1:      dpeg_arrival_lava_temple_mockup, layout_loops_ring, kennysheep_doodads
D:2:      layout_loops_ring, shapermc_ecumenical_altar_rom_forum, minmay_cut_off
D:3:      layout_loops_cross, nicolae_overflow_crystal_walls, uniq_grinder,
          uniq_sigmund
D:4:      layout_cave_pools, nicolae_elyvilon_peaceful_grove,
          chequers_temple_overflow_statue_of_worship, nzn_wu_jian_council_hall,
          serial_rivers, chequers_serial_rivers_micro_d,
          chequers_serial_rivers_micro_d, chequers_serial_rivers_micro_a,
          chequers_serial_rivers_marsh, minmay_snake_closets

Skill      XL: |  1  2  3  4  5 |
---------------+----------------+-----
Transmutations | 1 |  1.0
Earth Magic    | 4 |  4.7
Armour         | 1 2 |  2.4
Fighting       | 1 2 |  2.3
Spellcasting   | 3 |  3.0
Dodging        | |  1.7
Stealth        | |  2.3

Action                     |  1- 3 |  4- 6 || total
---------------------------+-------+-------++-------
  Melee: Unarmed           |    24 |       ||    24
         Dagger            |    67 |       ||    67
         Whip              |    18 |       ||    18
         Short sword       |    17 |       ||    17
         Quarterstaff      |    16 |    88 ||   104
  Throw: Boomerang         |     6 |       ||     6
   Cast: Sandblast         |     7 |       ||     7
   Stab: Sleeping          |       |     1 ||     1
 Armour: Ring mail         |   100 |    44 ||   144
         Robe              |     3 |       ||     3
  Dodge: Dodged            |   118 |    44 ||   162
